 Dungeon Crawl Stone Soup version 0.26-a0-969-g2c58977ddd (webtiles) character file.

Game seed: 12419858707715473112

233 Granthy the Covered (level 5, 0/46 HPs)
             Began as a Minotaur Fighter on Dec 4, 2020.
             Slain by a hobgoblin
             ... wielding a +0 scythe
              (11 damage)
             ... on level 4 of the Dungeon.
             The game lasted 00:02:54 (2222 turns).

Granthy the Covered (Minotaur Fighter)              Turns: 2222, Time: 00:02:55

Health: 0/46       AC:  7    Str: 22    XL:     5   Next: 75%
Magic:  4/4        EV:  8    Int:  5    God:
Gold:   231        SH:  9    Dex:  9    Spells: 4/4 levels left

rFire    . . .     SeeInvis .   a - +0 war axe
rCold    . . .     Faith    .   c - +0 kite shield
rNeg     . . .     Spirit   .   b - +0 scale mail
rPois    .         Reflect  .   (helmet restricted)
rElec    .         Harm     .   (no cloak)
rCorr    .         Rampage  .   (no gloves)
MR       .....                  (no boots)
Stlth    ..........             (no amulet)
HPRegen  0.15/turn              (no ring)
MPRegen  0.09/turn              (no ring)

@: no status effects
A: retaliatory headbutt, horns 2
a: no special abilities


You were on level 4 of the Dungeon.
You visited 1 branch of the dungeon, and saw 4 of its levels.

You collected 231 gold pieces.

Inventory:

Hand Weapons
 a - a +0 war axe (weapon)
Armour
 b - a +0 scale mail (worn)
 c - a +0 kite shield (worn)
Jewellery
 f - an uncursed ring of ice {unknown}
 i - an uncursed ring of ice {unknown}
 l - an uncursed amulet of guardian spirit {unknown}
 o - a cursed amulet of inaccuracy {unknown}
 q - an uncursed ring of poison resistance {unknown}
Scrolls
 g - a scroll of teleportation {unknown}
 k - a scroll of magic mapping {unknown}
 m - 2 scrolls of remove curse {unknown}
 n - a scroll of fog {unknown}
 p - 3 scrolls of blinking {unknown}
 s - a scroll of immolation {unknown}
 w - a scroll of enchant weapon {unknown}
Potions
 d - 4 potions of might
 e - 2 potions of curing {unknown}
 h - a potion of invisibility {unknown}
 j - a potion of haste {unknown}
 r - a potion of degeneration {unknown}
 t - 2 potions of heal wounds {unknown}
 u - a potion of lignification {unknown}
 v - a potion of flight {unknown}


   Skills:
 + Level 4.1 Fighting
 + Level 4.5 Axes
 + Level 5.1 Armour
 + Level 1.7 Dodging
 + Level 0.5 Stealth
 + Level 4.7 Shields


You had 4 spell levels left.
You didn't know any spells.
Your spell library contained the following spells:

 Spells                   Type           Power        Failure   Level
 Confusing Touch          Hex            #.......     100%        3
 Gell's Gravitas          Tloc           #.........   100%        3
 Petrify                  Tmut/Erth      #.......     100%        4
 Metabolic Englaciation   Hex/Ice        #.........   100%        5
 Yara's Violent Unravell  Hex/Tmut       #.........   100%        5


Dungeon Overview and Level Annotations

Branches:
Dungeon (4/15)
 Temple: D:4-7

Altars:
Ru
Uskayaw
Zin


Innate Abilities, Weirdness & Mutations

You reflexively headbutt those who attack you in melee.
You have a pair of horns on your head.


Message History

The hobgoblin hits you but does no damage. x2
The hobgoblin hits you from afar with a +0 scythe!
The hobgoblin misses you.
The hobgoblin hits you with a +0 scythe.
Found 7 gold pieces.
Things that are here:
a +0 scythe; a +0 robe; an orc corpse You completely miss the hobgoblin.
You closely miss the hobgoblin. x2
You block the hobgoblin's attack.
The hobgoblin hits you from afar with a +0 scythe! x2
* * * LOW HITPOINT WARNING * * *
The hobgoblin barely misses you. You furiously retaliate!
You headbutt the hobgoblin!
You kill the hobgoblin!
The hobgoblin barely misses you.
You closely miss the hobgoblin.
You headbutt the hobgoblin, but do no damage.
You barely miss the hobgoblin. The hobgoblin barely misses you.
The hobgoblin hits you from afar with a +0 scythe!
You die...

..........#......(.
##........#..........#
<##.......#..........###
..#.......#.............
8.#...........###......$
..#...........##........
.#######......#.........
'#######......#..g......
))##...##.....#.@.g.#
8)'..8.<#.....'.)gg.#
..##...##.....#######
.#######...#### .##
#....# ..# #.... 8.#
#... ..# #.. >##


You could see 4 hobgoblins.

Vanquished Creatures
  A water moccasin skeleton (D:4)
  An orc wizard (D:4)
  Jessica (D:2)
  4 gnolls (D:4)
  An adder (D:3)
  An ooze (D:4)
  A worm (D:3)
  2 dart slugs
  2 leopard geckos (D:1)
  6 orcs
  3 ball pythons
  3 giant cockroaches (D:3)
  6 goblins
  8 hobgoblins
  11 bats
  5 frilled lizards
  10 kobolds
  6 rats
72 creatures vanquished.

Notes
Turn   | Place    | Note
-------+----------+-------------------------------------------
     0 | D:1      | Granthy the Minotaur Fighter began the quest for the Orb.
     0 | D:1      | Reached XP level 1. HP: 19/19 MP: 0/0
   154 | D:1      | Reached skill level 4 in Armour
   154 | D:1      | Reached XP level 2. HP: 19/27 MP: 1/1
   917 | D:2      | Reached XP level 3. HP: 30/33 MP: 2/2
  1093 | D:2      | Found a glowing silver altar of Zin.
  1125 | D:2      | Noticed Jessica
  1130 | D:2      | Killed Jessica
  1131 | D:2      | Reached skill level 1 in Dodging
  1225 | D:3      | Reached XP level 4. HP: 33/40 MP: 3/3
  1315 | D:3      | Found a sacrificial altar of Ru.
  1577 | D:3      | Found a hide-covered altar of Uskayaw.
  1913 | D:4      | Reached XP level 5. HP: 24/46 MP: 4/4
  1915 | D:4      | Reached skill level 5 in Armour
  2222 | D:4      | Slain by a hobgoblin

Illustrated notes

Levels and vault maps discovered:
D:1:      lightli_arrival_windingriver, layout_basic, chequers_avenue
D:2:      layout_loops_cross, zin_scriptorium, uniq_jessica
D:3:      layout_basic, general_overflow_altar,
          nicolae_ru_great_annihilating_truth, grunt_ministairs_13,
          minmay_misc_feat_ornament
D:4:      layout_basic, portal_sewer_entry_e, grunt_ministairs_5, sigmund_army

Skill      XL: |  1  2  3  4  5 |
---------------+----------------+-----
Armour         | 4 5 |  5.1
Shields        | 4 |  4.7
Axes           | 3 4 |  4.5
Dodging        | 1 |  1.7
Fighting       | 4 |  4.1
Stealth        | |  0.5

Action                   |  1- 3 |  4- 6 || total
-------------------------+-------+-------++-------
Melee: War axe           |    70 |    54 ||   124
       Headbutt          |     9 |    12 ||    21
 Stab: Paralysed         |       |     1 ||     1
Armor: Scale mail        |    45 |    25 ||    70
Dodge: Dodged            |    33 |    35 ||    68
Block: Kite shield       |    42 |    45 ||    87

Table legend: (Time is in decaauts)
 A = Elapsed time spent in this place.
 B = Non-inter-level travel time spent in this place.
 C = Inter-level travel time spent in this place.
 D = Time resting spent in this place.
 E = Time spent auto-exploring this place.
 F = Levels seen in this place.
 G = Mean time per level.
                   A        B        C        D        E       F      G
               +--------+--------+--------+--------+--------+-----+--------+
         Total |   2271 |   2220 |     51 |    318 |   1364 |   4 |  567.8 |
       Dungeon |   2271 |   2220 |     51 |    318 |   1364 |   4 |  567.8 |
               +--------+--------+--------+--------+--------+-----+--------+

Top non-repeatable levels by time:
     D:3: 700 daAuts
     D:2: 677 daAuts
     D:1: 559 daAuts
     D:4: 333 daAuts
